 Dungeon Crawl Stone Soup version 0.29-a0-221-gceb61267dd (webtiles) character file.

Game seed: 16021790540147077117

104 n8rtot the Slasher (level 4, 0/34 HPs)
             Began as a Merfolk Gladiator on Feb 27, 2022.
             Was a Follower of Elyvilon.
             Killed from afar by an orc wizard (4 damage)
             ... with a magic dart
             ... on level 2 of the Dungeon.
             The game lasted 00:29:46 (3240 turns).

n8rtot the Slasher (Merfolk Gladiator)              Turns: 3240, Time: 00:29:47

Health: 0/34       AC:  5    Str: 13 (14) XL:     4   Next: 80%
Magic:  4/4        EV: 18    Int:  7      God:    Elyvilon [*.....]
Gold:   114        SH:  0    Dex: 17      Spells: 3/3 levels left

rFire   . . .      SeeInvis .   a - +0 long sword
rCold   . . .      Faith    .   (no shield)
rNeg    . . .      Spirit   .   b - +0 leather armour
rPois   .          Reflect  .   c - +0 helmet
rElec   .          Harm     .   o - +0 cloak
rCorr   .          Rampage  .   (no gloves)
Will    .....                   (no boots)
Stlth   +.........              (no amulet)
HPRegen 0.11/turn               z - +4 ring of evasion
MPRegen 0.09/turn               (no ring)

@: confused, attractive
A: (nimble swimmer 2), mertail
a: Renounce Religion, Purification


You were on level 2 of the Dungeon.
You worshipped Elyvilon.
Elyvilon was aware of your devotion.
You visited 1 branch of the dungeon, and saw 3 of its levels.

You collected 114 gold pieces.

Inventory:

Hand Weapons
 a - a +0 long sword (weapon)
 e - a +0 club
 i - a +0 whip
 n - a +0 hunting sling
 r - a +0 quarterstaff
 s - a +0 dagger
 v - a +0 hunting sling
 B - a +0 hunting sling
 H - a +0 mace
Missiles
 d - a throwing net
 j - 81 stones
 x - 2 boomerangs
 G - a silver javelin (quivered)
 J - 4 poisoned darts
Armour
 b - a +0 leather armour (worn)
 c - a +0 helmet (worn)
 g - a +0 robe
 h - a +0 robe
 m - a +0 robe
 o - a +0 cloak (worn)
 p - a +0 helmet
 y - a +0 leather armour
 A - a +0 robe of fire resistance
 D - a +0 tower shield
 F - a +0 ring mail
 L - a +1 leather armour of cold resistance
Jewellery
 z - a +4 ring of evasion (left hand)
Wands
 I - a wand of digging (3)
Scrolls
 t - a scroll of identify
 u - a scroll of silence
 w - a scroll of enchant armour {unknown}
 E - a scroll of enchant weapon {unknown}
 K - a scroll of vulnerability {unknown}
Potions
 f - 2 potions of flight
 l - a potion of berserk rage {unknown}
 q - a potion of curing
 C - a potion of degeneration


   Skills:
 + Level 2.6 Fighting
 + Level 5.1 Long Blades
 + Level 2.1 Throwing
 + Level 1.0 Armour
 + Level 4.7 Dodging
 + Level 0.9 Stealth


You had 3 spell levels left.
You didn't know any spells.
Your spell library contained the following spells:

 Spells                   Type           Power      Damage    Failure   Level
 Shock                    Conj/Air       0%         1d3       52%         1
 Summon Small Mammal      Summ           0%         N/A       52%         1
 Call Canine Familiar     Summ           0%         N/A       87%         3
 Summon Guardian Golem    Hex/Summ       0%         N/A       87%         3
 Swiftness                Air            0%         N/A       87%         3
 Tukima's Dance           Hex            0%         N/A       87%         3
 Airstrike                Air            0%         N/A       99%         4
 Passage of Golubria      Tloc           0%         N/A       99%         4
 Yara's Violent Unravell  Hex/Tmut       0%         3d3       100%        5


Dungeon Overview and Level Annotations

Branches:
Dungeon (3/15)

Altars:
Elyvilon


Innate Abilities, Weirdness & Mutations

((You are very nimble when in or above water. (Stealth+, EV+, Speed+++)))
Your lower body shifts to a powerful aquatic tail in water.


Message History

Deactivating autopickup; reactivate with Ctrl-A.
The orc priest closely misses you.
You barely miss the orc priest.
The orc priest is severely wounded.
The orc priest closely misses you.
Unknown command.
You hit the orc priest.
You kill the orc priest!
Something hits you.
* * * LOW HITPOINT WARNING * * *
You feel your strength returning.
You feel your dexterity returning.
Your Armour skill increases to level 1!
You start resting.
Something barely misses you.
You hear some strange, mumbled words.
Something tries to affect you, but you resist.
Throw: 2 javelins (silver)
Press: ? - help, Q - select action, (/) - cycle Shift-Dir - straight line You throw a silver javelin.
You hear some strange, mumbled words.
You are confused.
You bump into the rock wall.
What are your orders? t - Shout!
Anything else - Cancel.
You shout for attention!
Something closely misses you. What are your orders? t - Shout!
Anything else - Cancel.
You shout for attention!
Something hits you but does no damage.
It was a potion of attraction.
You feel attractive to monsters.
You hear some strange, mumbled words.
A magic dart appears from out of thin air!
The magic dart hits you. Elyvilon protects you from harm!
You bump into the rock wall.
You hear some strange, mumbled words.
A magic dart appears from out of thin air!
The magic dart hits you.
You die...

...# #.....#
#...#
...###.....#
#...#######
....##.....#
#...'......
...........#
#...#######
###........#
##'##
#.......##
#.# #.......#
#.# ##.#'####
##########.#
#...#
#.@.....##.#
##..#
#{#####.##.#
#..########.#
#)##.#
##>)....).(.#
#.##.#
############
#.##.# #.##.#
#.##.# #.##.#
#.##.#


There were no monsters in sight!

Vanquished Creatures
  An orc priest (D:2)
  An adder (D:3)
  A white imp (D:3)
  2 worms (D:2)
  3 orcs (D:2)
  5 ball pythons
  2 endoplasms
  2 giant cockroaches (D:2)
  5 goblins
  6 hobgoblins
  A quokka (D:2)
  7 bats
  2 frilled lizards
  5 kobolds
  7 rats
50 creatures vanquished.

Notes
Turn   | Place    | Note
-------+----------+-------------------------------------------
     0 | D:1      | n8rtot the Merfolk Gladiator began the quest for the Orb.
     0 | D:1      | Reached XP level 1. HP: 16/16 MP: 1/1
    82 | D:1      | Reached XP level 2. HP: 11/22 MP: 2/2
   187 | D:1      | Reached skill level 4 in Long Blades
  1329 | D:2      | Found a faded altar of an unknown god.
  1378 | D:2      | Prayed at the altar of an unknown god.
  1378 | D:2      | Became a worshipper of Elyvilon the Healer
  1378 | D:2      | Reached * piety under Elyvilon
  1423 | D:2      | Reached XP level 3. HP: 5/28 MP: 3/3
  2530 | D:3      | Reached XP level 4. HP: 17/34 MP: 4/4
  3110 | D:2      | Reached skill level 5 in Long Blades
  3230 | D:2      | Reached skill level 1 in Armour
  3239 | D:2      | Elyvilon protects you from harm!
  3240 | D:2      | Killed from afar by an orc wizard

Illustrated notes

Levels and vault maps discovered:
D:1:      dpeg_arrival_rooms_with_view, layout_basic, minmay_misc_feat_square
D:2:      minmay_diamond_boxcup, layout_basic,
          hellmonk_ecumenical_altar_pennies_from_heaven
D:3:      layout_rooms

Skill      XL: |  1  2  3  4 |
---------------+-------------+-----
Long Blades    | 4 5 |  5.1
Armour         | 1 |  1.0
Fighting       | |  2.6
Throwing       | |  2.1
Dodging        | |  4.7
Stealth        | |  0.9

Action                   |  1- 3 |  4- 6 || total
-------------------------+-------+-------++-------
Melee: Long sword        |   102 |    43 ||   145
       Punch             |     2 |       ||     2
Throw: Throwing net      |     4 |       ||     4
       Javelin           |     1 |     5 ||     6
  Use: Potion            |     6 |     1 ||     7
       Scroll            |     1 |       ||     1
 Stab: Held in net/web   |     1 |       ||     1
Armor: Leather armour    |    21 |    12 ||    33
Dodge: Dodged            |    81 |    58 ||   139

Table legend: (Time is in decaauts)
 A = Elapsed time spent in this place.
 B = Non-inter-level travel time spent in this place.
 C = Inter-level travel time spent in this place.
 D = Time resting spent in this place.
 E = Time spent auto-exploring this place.
 F = Levels seen in this place.
 G = Mean time per level.
                   A        B        C        D        E       F      G
               +--------+--------+--------+--------+--------+-----+--------+
         Total |   3265 |   3257 |      8 |    949 |     39 |   3 | 1088.3 |
       Dungeon |   3265 |   3257 |      8 |    949 |     39 |   3 | 1088.3 |
               +--------+--------+--------+--------+--------+-----+--------+

Top non-repeatable levels by time:
     D:2: 1361 daAuts
     D:1: 1178 daAuts
     D:3: 725 daAuts
